 Dungeon Crawl Stone Soup version 0.14-a0-2374-ge879b5e (webtiles) character file.

133 PolkaDot the Vexing (level 3, -5/25 HPs)
             Began as a Vampire Enchanter on Feb 1, 2014.
             Slain by a gnoll
             ... wielding a +0,+0 halberd
              (14 damage)
             ... on Level 2 of the Dungeon.
             The game lasted 00:06:34 (1016 turns).

PolkaDot the Vexing (Vampire Enchanter)             Turns: 1016, Time: 00:06:35

HP  -5/25        AC  3     Str 12      XL: 3   Next: 92%
MP   6/6         EV 12     Int 19      God:
Gold 68          SH  0     Dex 15      Spells:  2 memorised,  2 levels left

rFire  . . .     SeeInvis +     a - +1 dagger
rCold  . . .     Clarity  .     o - +1 robe
rNeg   . . .     Conserve .     (no shield)
rPois  .         rCorr    .     (no helmet)
rElec  .         rRot     .     (no cloak)
SustAb . .       Spirit   .     (no gloves)
rMut   .         Warding  .     (no boots)
Saprov . . .     Stasis   .     (no amulet)
MR     .....                    (no ring)
                                (no ring)

@: regenerating very quickly, mighty, mildly poisoned, held, not resistant to
hostile enchantments, stealthy
A: fangs 3, see invisible, clever 1, spit poison 1, unbreathing
a: Spit Poison


You were on level 2 of the Dungeon.
You were almost alive.

You visited 1 branch of the dungeon, and saw 2 of its levels.

You collected 68 gold pieces.

Inventory:

Hand weapons
 a - a +1,+1 dagger (weapon)
 b - a +1,+1 sling of flame
Missiles
 p - 20 sling bullets
Armour
 o - a +1 robe (worn)
Scrolls
 f - a scroll of recharging {unknown}
 g - a scroll of blinking {unknown}
 h - a scroll of identify {unknown}
 i - a scroll of curse jewellery {unknown}
 j - a scroll of remove curse {unknown}
 l - 2 scrolls of immolation {unknown}
 m - 2 scrolls of teleportation {unknown}
 q - a scroll of curse weapon {unknown}
Potions
 e - a potion of blood {@w2}
 n - a potion of might
Books
 c - a book of Maledictions

   Spells                             Type                      Level
   *Corona                            Hexes                        1
   Sure Blade                         Hexes/Charms                 2
   Ensorcelled Hibernation            Hexes/Ice                    2
   *Confuse                           Hexes                        3
   Enslavement                        Hexes                        4
   Invisibility                       Hexes                        6
 d - a book of Party Tricks

   Spells                             Type                      Level
   Summon Butterflies                 Summoning                    1
   Apportation                        Translocation                1
   Blink                              Translocation                2
   Alistair's Intoxication            Transmutation/Poison         4
   Tukima's Dance                     Hexes                        5


   Skills:
 + Level 0.5 Fighting
 - Level 2.4 Short Blades
 - Level 0.7 Throwing
 - Level 2.1 Dodging
 + Level 3.9 Stealth
 - Level 2.0 Spellcasting
 * Level 5.7 Hexes


You had 2 spell levels left.
You knew the following spells:

 Your Spells              Type           Power        Failure   Level  Hunger
a - Corona                Hex            ###....      1%          1    #......
c - Confuse               Hex            ###.....     6%          3    ####...


Dungeon Overview and Level Annotations

Branches:
Dungeon (2/16)

Altars:


Innate Abilities, Weirdness & Mutations

Your natural rate of healing is extremely fast.
You have razor-sharp teeth.*
You have supernaturally acute eyesight.
You can survive without breathing.*
Your mind is acute. (Int +2)
You can spit poison.+


Message History

You feel very mighty all of a sudden.
It was a potion of might.
The inept door mimic barely misses you.
You hit the inept door mimic but do no damage.
Drink which item? (? for menu, Esc to quit)
Okay, then.
You hit the inept door mimic.
The inept door mimic is moderately damaged.
The inept door mimic snaps closed at you.
The gnoll hits you from afar with an uncursed halberd.
Read which item? (? for menu, Esc to quit)
As you read the scroll labeled ESOECIKKACVO, it crumbles to dust.
Use on which item? (\ to view known items) (? for menu, Esc to quit)
Nothing appears to happen.
The inept door mimic snaps closed at you but does no damage.
Read which item? (? for menu, Esc to quit)
As you read the scroll labeled FUICZU PIUMOS, it crumbles to dust.
Nothing appears to happen.
The gnoll hits you from afar with an uncursed halberd!
Ouch! That really hurt!
You die...

♣♣##.........#..##......
♣##.#.........###......
♣...........### #......
♣#♣♣...###### #...... ≈♣
♣♣♣.%# #......
≈≈..♣P♣..# ###.+##
.≈.≈≈≈..g# #....
≈≈≈♣♣♣.#.# ##.### ♣♣.@#
####..... ##'######
#........ #.......#
#.##.....
#...[...####.##.....
###..g...<##...##.....
+.............(.......
#.#....)..'..####.....
.'.......#### #.....
#.......# ##..##


You could see a gnoll and an inept door mimic.

Vanquished Creatures
  A gnoll (D:2)
  An adder (D:2)
  An inept item mimic (D:2)
  9 bats
  8 goblins
  3 hobgoblins
  3 jackals (D:1)
  A giant cockroach (D:1)
  2 giant newts (D:2)
  8 kobolds
  5 rats
42 creatures vanquished.

Notes
Turn   | Place    | Note
--------------------------------------------------------------
     0 | D:1      | PolkaDot, the Vampire Enchanter, began the quest for the Orb.
     0 | D:1      | Reached XP level 1. HP: 13/13 MP: 3/3
   181 | D:1      | Reached XP level 2. HP: 16/19 MP: 4/4
   456 | D:1      | Reached skill level 5 in Hexes
   647 | D:1      | Reached XP level 3. HP: 20/24 MP: 6/6
   652 | D:1      | Learned a level 3 spell: Confuse
  1011 | D:2      | Gained mutation: Your mind is acute. (Int +2) [potion of mutation]
  1011 | D:2      | Gained mutation: You can spit poison. [potion of mutation]
  1016 | D:2      | Slain by a gnoll

Action                   || total
-------------------------++-------
Melee: Dagger            ||   162
 Cast: Corona            ||     4
  Use: Scroll            ||     2
       Potion            ||     2
 Stab: Sleeping          ||     6
